 Dungeon Crawl Stone Soup version 0.29-a0-410-g9596d59 (webtiles) character file.

3 Sapher the Skirmisher (level 1, 8/11 HPs)
             Began as a Vine Stalker Berserker on July 12, 2016.
             Was a Follower of Trog.
             Quit the game on level 1 of the Dungeon on May 14, 2022.
             The game lasted 00:02:47 (71 turns).

Sapher the Skirmisher (Vine Stalker Berserker)        Turns: 71, Time: 00:02:48

Health: 8/11       AC:  2    Str: 19    XL:     1   Next: 50%
Magic:  2/2        EV: 12    Int:  7    God:    Trog [*.....]
Gold:   16         SH:  0    Dex: 13    Spells: 0/0 levels left

rFire   . . .      SeeInvis .   a - +0 hand axe
rCold   . . .      Faith    .   (no shield)
rNeg    . . .      Spirit   +   b - +0 animal skin
rPois   .          Reflect  .   (no helmet)
rElec   .          Harm     .   (no cloak)
rCorr   .          Rampage  .   (no gloves)
Will    .....                   (no boots)
Stlth   +.........              (no amulet)
HPRegen 0.83/turn               (no ring)
MPRegen 0.08/turn               (no ring)

@: no status effects
A: fangs 2, regeneration 1, magic shield, antimagic bite, no potion heal 2
a: Renounce Religion, Berserk


You were on level 1 of the Dungeon.
You worshipped Trog.
Trog was aware of your devotion.
You visited 1 branch of the dungeon, and saw 1 of its levels.

You collected 16 gold pieces.

Inventory:

Hand Weapons
 a - a +0 hand axe (weapon)
Armour
 b - a +0 animal skin (worn)
Scrolls
 d - a scroll of identify {unknown}
 e - a scroll of teleportation {unknown}
Comestibles
 c - a removed food


   Skills:
 + Level 2.8 Fighting
 + Level 2.7 Axes
 + Level 1.6 Armour
 + Level 1.5 Dodging


You couldn't memorise any spells.
You didn't know any spells.
Your spell library was empty.

Dungeon Overview and Level Annotations

Branches:
Dungeon (1/15)

Altars:


Innate Abilities, Weirdness & Mutations

You have extremely sharp teeth.
Your natural rate of healing is unusually fast.
When hurt, damage is shared between your health and your magic reserves.
Your bite disrupts and absorbs the magic of your enemies.
Potions cannot restore your health.


Message History

Found a scroll labeled YBRISAD FIAGO and a meat ration.
e - a scroll labeled YBRISAD FIAGO
Found a stone staircase leading down.
A hobgoblin comes into view. It is wielding a club.
The hobgoblin shouts!
Save game and exit?
Welcome back, Sapher the Vine Stalker Berserker.
Trog says: Kill them all!
Press ? for a list of commands and other information.
A hobgoblin is nearby!
A hobgoblin is nearby!
Found 11 poisoned needles.
A goblin comes into view. It is wielding a club.
The goblin shouts!
The hobgoblin hits you but does no damage.
You hit the hobgoblin.
You kill the hobgoblin!
Trog accepts your kill.
You see here a club.
The goblin hits you with a club.
You hit the goblin. Your bite misses the goblin.
The goblin is heavily wounded.
The goblin closely misses you.
You barely miss the goblin. You bite the goblin. You drain its power.
You kill the goblin!
Trog accepts your kill.
No target in view!
No target in view!
Save game and exit?
Welcome back, Sapher the Vine Stalker Berserker.
Trog says: Kill them all!
Press ? for a list of commands and other information.
Save game and exit?
Welcome back, Sapher the Vine Stalker Berserker.
Trog says: Kill them all!
Press ? for a list of commands and other information.
Welcome back, Sapher the Vine Stalker Berserker.
Trog says: Kill them all!
Press ? for a list of commands and other information.
Are you sure you want to abandon this character and quit the game? (Confirm with "yes".)

#########.# ...
........#.##.###
.............>...
####......#..###
#.#....#..#
##.#%...#..#
.........#..#
#........)..#
#........@..#
#.........).#
.............#
.#......(..#.# .
.....######.. .
.... .## . .. ..
. # .


There were no monsters in sight!

Vanquished Creatures
  A goblin (D:1)
  A hobgoblin (D:1)
  A rat (D:1)
3 creatures vanquished.

Notes
Turn   | Place    | Note
-------+----------+-------------------------------------------
     0 | D:1      | Sapher the Vine Stalker Berserker began the quest for the
                  | Orb.
     0 | D:1      | Reached XP level 1. HP: 11/11 MP: 2/2
    71 | D:1      | Upgraded the game from 0.19-a0-967-ga3cd88f to
                  | 0.21-a0-150-gc243083
    71 | D:1      | Quit the game

Illustrated notes

Levels and vault maps discovered:
D:1:      mushboom_english_gardens

Action                   || total
-------------------------++-------
Melee: Hand axe          ||     6
       Punch             ||     2
Armor: Animal skin       ||     1
Dodge: Dodged            ||     2

Table legend: (Time is in decaauts)
 A = Elapsed time spent in this place.
 B = Non-inter-level travel time spent in this place.
 C = Inter-level travel time spent in this place.
 D = Time resting spent in this place.
 E = Time spent auto-exploring this place.
 F = Levels seen in this place.
 G = Mean time per level.
                   A        B        C        D        E       F      G
               +--------+--------+--------+--------+--------+-----+--------+
         Total |     30 |     30 |      0 |      1 |      8 |   1 |   30.0 |
       Dungeon |     30 |     30 |      0 |      1 |      8 |   1 |   30.0 |
               +--------+--------+--------+--------+--------+-----+--------+
